 Dungeon Crawl Stone Soup version 0.27-a0-1202-ge72e49191c (webtiles) character file.

Game seed: 5617556865642828636

41 Delamore the Skirmisher (level 3, -4/30 HPs)
             Began as a Formicid Fighter on June 4, 2021.
             Was a Follower of Dithmenos.
             Engulfed by a cloud of flame (14 damage)
             ... on level 2 of the Dungeon.
             The game lasted 00:00:56 (1077 turns).

Delamore the Skirmisher (Formicid Fighter)          Turns: 1077, Time: 00:00:57

Health: -4/30      AC:  6    Str: 21    XL:     3   Next: 75%
Magic:  3/3        EV:  8    Int:  7    God:    Dithmenos [*.....]
Gold:   19         SH:  9    Dex: 10    Spells: 2/2 levels left

rFire    . . .     SeeInvis +   a - +0 trident
rCold    . . .     Faith    .   c - +0 kite shield
rNeg     . . .     Spirit   .   b - +0 scale mail
rPois    .         Reflect  .   (helmet unavailable)
rElec    .         Harm     .   (no cloak)
rCorr    .         Rampage  .   (no gloves)
Will     .....                  (no boots)
Stlth    ..........             (no amulet)
HPRegen  0.10/turn              f - ring of flight
MPRegen  0.08/turn              (no ring)

@: flying, wreathed by umbra
A: permanent stasis, dig shafts and tunnels, antennae 3, four strong arms
a: Dig, Shaft Self, Renounce Religion


You were on level 2 of the Dungeon.
You worshipped Dithmenos.
Dithmenos was aware of your devotion.
You visited 1 branch of the dungeon, and saw 2 of its levels.

You collected 19 gold pieces.

Inventory:

Hand Weapons
 a - a +0 trident (weapon)
Armour
 b - a +0 scale mail (worn)
 c - a +0 kite shield (worn)
Jewellery
 f - a ring of flight (left hand)
Potions
 d - a potion of might
 g - a potion of heal wounds
 i - a potion of magic {unknown}


   Skills:
 + Level 3.8 Fighting
 * Level 3.3 Polearms
 - Level 3.2 Armour
 - Level 3.6 Shields


You had 2 spell levels left.
You didn't know any spells.
Your spell library was empty.

Dungeon Overview and Level Annotations

Branches:
Dungeon (2/15)

Altars:
Dithmenos


Innate Abilities, Weirdness & Mutations

You cannot be hasted, slowed, berserked, paralysed or teleported.
You can dig through walls and to a lower floor.
You have a pair of large antennae on your head. (SInv)
Your four strong arms can wield two-handed weapons with a shield.


Message History

You kill the hobgoblin!
Dithmenos accepts your kill.
No target in view!
No target in view!
No target in view!
No target in view!
No target in view!
No target in view!
No target in view!
No target in view!
You see here a hobgoblin corpse.
Done exploring.
Done exploring.
Done exploring.
You see here a +0 club.
There is a stone staircase leading down here.
You fly downwards.
There is a stone staircase leading up here.
As you read the scroll labelled ELUNAITOAP, it crumbles to dust.
You hear a loud clanging noise!
It was a scroll of noise.
You hear an angry hiss.
An adder comes into view.
As you read the scroll labelled AMIXINNEIZE, it crumbles to dust.
The creatures around you are filled with an inner flame!
It was a scroll of immolation.
As you read the scroll labelled QOEFOBL BALIO, it crumbles to dust.
It is a scroll of identify.
g - a potion of heal wounds You hit the adder.
Flame seeps out of the adder.
The adder is heavily wounded.
The adder is engulfed in blazing flames.
Dithmenos accepts your kill.
The adder explodes!
The fiery explosion engulfs you!!
Ouch! That really hurt!
A ball python comes into view.
The ball python hisses angrily.
You are engulfed in blazing flames.
You die...

#.#####S#
#..°@...#
#.##.####
#.# #..
###


You could see a ball python.

Vanquished Creatures
  An adder (D:2)
  2 dart slugs (D:1)
  4 bats (D:1)
  An endoplasm (D:1)
  3 giant cockroaches (D:1)
  2 goblins (D:1)
  2 hobgoblins (D:1)
  4 jackals (D:1)
  A quokka (D:1)
  A ball python (D:1)
  A kobold (D:1)
  3 rats (D:1)
25 creatures vanquished.

Notes
Turn   | Place    | Note
-------+----------+-------------------------------------------
     0 | D:1      | Delamore the Formicid Fighter began the quest for the Orb.
     0 | D:1      | Reached XP level 1. HP: 18/18 MP: 1/1
    69 | D:1      | Reached XP level 2. HP: 8/24 MP: 2/2
   443 | D:1      | Found a faded altar of an unknown god.
   449 | D:1      | Became a worshipper of Dithmenos the Shadowed
   449 | D:1      | Reached * piety under Dithmenos
   624 | D:1      | Reached XP level 3. HP: 30/30 MP: 3/3
  1077 | D:2      | Engulfed by a cloud of flame

Illustrated notes

Levels and vault maps discovered:
D:1:      sevenhm_arrival_forest_fort_small_6, layout_basic,
          ebering_ecumenical_altar_mist
D:2:      layout_loops_ring

Skill      XL: |  1  2 |
---------------+-------+-----
Polearms       | 3 |  3.3
Fighting       | |  3.8
Armour         | |  3.2
Shields        | |  3.6

Action                   || total
-------------------------++-------
Melee: Trident           ||    78
  Use: Scroll            ||     3
Armor: Scale mail        ||    26
Dodge: Dodged            ||    19
Block: Kite shield       ||    28

Table legend: (Time is in decaauts)
 A = Elapsed time spent in this place.
 B = Non-inter-level travel time spent in this place.
 C = Inter-level travel time spent in this place.
 D = Time resting spent in this place.
 E = Time spent auto-exploring this place.
 F = Levels seen in this place.
 G = Mean time per level.
                   A        B        C        D        E       F      G
               +--------+--------+--------+--------+--------+-----+--------+
         Total |   1102 |   1061 |     41 |    190 |    691 |   2 |  551.0 |
       Dungeon |   1102 |   1061 |     41 |    190 |    691 |   2 |  551.0 |
               +--------+--------+--------+--------+--------+-----+--------+

Top non-repeatable levels by time:
     D:1: 1097 daAuts
     D:2: 5 daAuts
